 Dungeon Crawl Stone Soup version 0.24.0-125-gc4c63601f3 (webtiles) character file.

Game seed: 17303875012772776753, levelgen mode: deterministic

2371 Peloso the Carver (level 9, 0/77 HPs)
             Began as a Minotaur Fighter on Mar 20, 2020.
             Succumbed to a killer bee's poison
             ... on level 7 of the Dungeon.
             The game lasted 00:12:30 (5459 turns).

Peloso the Carver (Minotaur Fighter)                Turns: 5459, Time: 00:12:30

Health: 0/77       AC: 20    Str: 23    XL:     9   Next: 21%
Magic:  8/8        EV:  6    Int:  5    God:
Gold:   346        SH: 12    Dex: 11    Spells: 8/8 levels left

rFire    . . .     SeeInvis .   a - +1 falchion (protect)
rCold    . . .     Gourm    .   c - +1 shield
rNeg     . . .     Faith    .   h - +0 plate armour
rPois    .         Spirit   .   (helmet restricted)
rElec    .         Reflect  .   (no cloak)
rCorr    .         Harm     .   (no gloves)
MR       .....                  (no boots)
Stlth    ..........             (no amulet)
HPRegen  0.22/turn              (no ring)
MPRegen  0.11/turn              (no ring)

@: lethally poisoned (0 -> -19), protection aura
A: retaliatory headbutt, horns 2
a: no special abilities


You were on level 7 of the Dungeon.
You were hungry.

You visited 1 branch of the dungeon, and saw 7 of its levels.

You collected 346 gold pieces.

Inventory:

Hand Weapons
 a - a +1 falchion of protection (weapon)
Armour
 b - a +0 scale mail
 c - a +1 shield (worn)
 h - a +0 plate armour (worn)
Jewellery
 d - an uncursed ring of see invisible {unknown}
 l - an uncursed amulet of guardian spirit {unknown}
 q - an uncursed ring of resist corrosion {unknown}
 w - an uncursed ring of resist corrosion {unknown}
Wands
 t - a wand of flame (18)
Scrolls
 e - a scroll of amnesia
 g - 9 scrolls of identify {unknown}
 j - 5 scrolls of teleportation
 k - 8 scrolls of remove curse {unknown}
Potions
 i - a potion of haste
 m - 3 potions of curing
 n - 2 potions of agility {unknown}
 o - a potion of flight {unknown}
 r - a potion of lignification {unknown}
 s - a potion of might
 u - a potion of degeneration {unknown}
 v - a potion of ambrosia {unknown}
 z - a potion of heal wounds
Comestibles
 f - 12 rations


   Skills:
 + Level 6.3 Fighting
 + Level 9.1 Long Blades
 + Level 8.0 Armour
 + Level 0.7 Dodging
 + Level 0.5 Stealth
 + Level 8.7 Shields


You had 8 spell levels left.
You didn't know any spells.
Your spell library contained the following spells:

 Spells                   Type           Power        Failure   Level  Hunger
 Confusing Touch          Hex            #.....       100%        1    ##.....
 Freeze                   Ice            #...         100%        1    ##.....
 Throw Frost              Conj/Ice       #.....       100%        2    ###....
 Confuse                  Hex            #.......     100%        3    ####...
 Gell's Gravitas          Tloc           #.........   100%        3    ####...
 Ozocubu's Armour         Chrm/Ice       #.......     100%        3    ####...
 Petrify                  Tmut/Erth      #.......     100%        4    #####..
 Summon Ice Beast         Ice/Summ       #.......     100%        4    #####..
 Throw Icicle             Conj/Ice       #.......     100%        4    #####..
 Metabolic Englaciation   Hex/Ice        #.........   100%        5    ######.
 Yara's Violent Unravell  Hex/Tmut       #.........   100%        5    ######.


Dungeon Overview and Level Annotations

Branches:
Dungeon (7/15)             Temple (0/1) D:7

Altars:
Elyvilon
Fedhas
Sif Muna
Trog
Vehumet
Wu Jian
Xom
The Shining One


Innate Abilities, Weirdness & Mutations

You reflexively headbutt those who attack you in melee.
You have a pair of horns on your head.


Message History

You closely miss the killer bee. Your headbutt misses the killer bee.
The killer bee is heavily wounded.
* * * LOW HITPOINT WARNING * * *
You feel sick. You block the killer bee's attack.
The killer bee closely misses you.
You riposte.
Your shield and plate armour prevent you from hitting the killer bee.
You headbutt the killer bee!
You kill the killer bee!
Your Long Blades skill increases to level 9!
The jackal bites you but does no damage.
* * * LOW HITPOINT WARNING * * *
You feel sick. You block the jackal's attack.
The jackal bites you but does no damage.
Things that are here:
15 gold pieces; a killer bee corpse Unknown command.
* * * LOW HITPOINT WARNING * * *
You feel sick.
Unknown command.
You die...

.#... .#... .#...#
...._. .# .....####..
... .#
......#...###.###.#
...#....#..#...#..#
#..#..# .. ......
#....###. #†##.####
#..#..##.##†##....#
##.###.##..†hh.@...#
#.## ##.##..##..§§≈..#
##.# ##...###.≈§§§≈.#
#.## ##...## #§≈≈≈§≈§#
..####...#.##
#≈§≈>§§≈#
##.....###..#
#§§§§≈≈§#
##..#####..###.≈≈§≈≈.#
##......#..##..§≈≈..#
###......#..........


You could see 2 jackals.

Vanquished Creatures
  Pikel (D:5)
  Prince Ribbit (D:6)
  Grinder (D:6)
  Eustachio (D:4)
  An orc warrior (D:6)
  An ogre (D:6)
  A centaur (D:4)
  Blork the orc (D:4)
  3 bullfrogs
  5 killer bees (D:7)
  An orc priest (D:3)
  3 jellies
  2 bullfrog zombies
  A centaur skeleton (D:6)
  An orc wizard (D:3)
  Jessica (D:3)
  Ijyb (D:4)
  3 worker ants
  Natasha (twice) (D:2)
  A hound skeleton (D:6)
  4 gnolls
  6 adders
  An ooze (D:3)
  6 worms
  A dart slug (D:2)
  7 leopard geckos
  9 orcs
  4 giant cockroaches
  9 goblins
  9 hobgoblins
  16 jackals
  7 kobolds
  2 quokkas (D:6)
  11 bats
  4 frilled lizards
  A jackal skeleton (D:5)
  A leopard gecko zombie (D:7)
  A quokka skeleton (D:4)
  10 rats
141 creatures vanquished.

Notes
Turn   | Place    | Note
-------+----------+-------------------------------------------
     0 | D:1      | Peloso the Minotaur Fighter began the quest for the Orb.
     0 | D:1      | Reached XP level 1. HP: 19/19 MP: 0/0
    28 | D:1      | Reached XP level 2. HP: 23/27 MP: 1/1
   484 | D:1      | Reached XP level 3. HP: 31/33 MP: 2/2
  1113 | D:2      | Found a shimmering altar of Xom.
  1120 | D:2      | Found a glowing golden altar of the Shining One.
  1139 | D:2      | Reached skill level 3 in Long Blades
  1251 | D:2      | Reached XP level 4. HP: 33/41 MP: 3/3
  1614 | D:2      | Noticed Natasha
  1626 | D:2      | Killed Natasha
  1626 | D:2      | Reached skill level 5 in Shields
  1626 | D:2      | Reached XP level 5. HP: 29/47 MP: 4/4
  1747 | D:2      | Noticed Natasha
  1757 | D:2      | Killed Natasha
  1891 | D:3      | Reached skill level 4 in Long Blades
  1908 | D:3      | Reached skill level 5 in Armour
  1959 | D:3      | Reached XP level 6. HP: 36/53 MP: 5/5
  2374 | D:3      | Noticed Jessica
  2393 | D:3      | Killed Jessica
  2525 | D:3      | Found a white marble altar of Elyvilon.
  2735 | D:4      | Noticed Eustachio
  2789 | D:4      | Killed Eustachio
  2953 | D:4      | Reached skill level 5 in Long Blades
  3096 | D:4      | Reached XP level 7. HP: 59/60 MP: 6/6
  3130 | D:4      | Noticed Blork the orc
  3143 | D:4      | Killed Blork the orc
  3143 | D:4      | Reached skill level 5 in Fighting
  3242 | D:4      | Noticed Ijyb
  3262 | D:4      | Killed Ijyb
  3455 | D:5      | Entered Level 5 of the Dungeon
  3643 | D:5      | Noticed Pikel
  3674 | D:5      | Killed Pikel
  3674 | D:5      | Reached skill level 7 in Long Blades
  3674 | D:5      | Reached XP level 8. HP: 46/70 MP: 7/7
  3793 | D:5      | Found an ornate altar of the Wu Jian Council.
  3923 | D:5      | Found a bloodstained altar of Trog.
  3964 | D:5      | Found a shimmering blue altar of Sif Muna.
  4700 | D:6      | Noticed Grinder
  4715 | D:6      | Paralysed by Grinder for 5 turns
  4720 | D:6      | Killed Grinder
  4720 | D:6      | Reached skill level 8 in Long Blades
  4893 | D:6      | Noticed Prince Ribbit
  4958 | D:6      | Killed Prince Ribbit
  4958 | D:6      | Reached XP level 9. HP: 30/75 MP: 8/8
  5376 | D:7      | Found a blossoming altar of Fedhas.
  5403 | D:7      | Found a staircase to the Ecumenical Temple.
  5436 | D:7      | Found a radiant altar of Vehumet.
  5456 | D:7      | Reached skill level 9 in Long Blades
  5458 | D:7      | HP: 2/77 [poisoned by a killer bee]
  5459 | D:7      | Succumbed to a killer bee's poison

Levels and vault maps discovered:
D:1:      minmay_arrival_radiant_lines, layout_basic
D:2:      layout_basic, grunt_temple_overflow_open, uniq_natasha
D:3:      layout_loops_ring, lemuel_coloured_pillars_altar, uniq_jessica
D:4:      layout_rooms, first_ration, chequers_serial_rivers_large_b,
          uniq_eustachio, uniq_ijyb, uniq_blork_the_orc
D:5:      layout_basic, kennysheep_mini_moat, lemuel_doored_altar,
          kennysheep_mini, uniq_pikel
D:6:      kb_forest_paths, layout_loops_ring, nicolae_ossuary_entry_plus,
          minmay_misc_feat_diagonals, kennysheep_generic_room_6,
          uniq_prince_ribbit1, uniq_grinder
D:7:      layout_layer_cave, vehumet_crystals, minmay_temple_entry_mist,
          basic_altar

Skill      XL: |  1  2  3  4  5  6  7  8  9 |
---------------+----------------------------+-----
Fighting       | 4 5 6 |  6.3
Armour         | 4 5 6 7 8 |  8.0
Shields        | 4 5 6 7 8 |  8.7
Long Blades    | 3 4 5 7 8 9 |  9.1
Dodging        | |  0.7
Stealth        | |  0.5

Action                   |  1- 3 |  4- 6 |  7- 9 || total
-------------------------+-------+-------+-------++-------
Melee: Long sword        |   129 |   211 |       ||   340
       Headbutt          |    14 |    31 |    41 ||    86
       Falchion          |       |    11 |   248 ||   259
  Use: Potion            |       |     4 |       ||     4
       Scroll            |       |       |     7 ||     7
  Eat: Chunk             |     1 |     6 |     8 ||    15
Armor: Scale mail        |    15 |       |       ||    15
       Plate armour      |    68 |   210 |   152 ||   430
Dodge: Dodged            |    17 |    69 |    41 ||   127
Block: Shield            |    68 |   192 |   172 ||   432
       Rpst.: Long sword |     5 |    14 |       ||    19
       Falchion          |       |     1 |    12 ||    13
